 Dungeon Crawl Stone Soup version 0.21.0 (webtiles) character file.

31 Hekarica the Shooter (level 3, -3/33 HPs)
             Began as a Naga Hunter on May 21, 2018.
             Slain by a gnoll
             ... wielding a +0 club
              (6 damage)
             ... on level 2 of the Dungeon.
             The game lasted 00:07:14 (988 turns).

Hekarica the Shooter (Naga Hunter)                   Turns: 988, Time: 00:07:14

Health: -3/33      AC:  3    Str: 19    XL:     3   Next: 22%
Magic:  3/3        EV:  9    Int: 11    God:
Gold:   38         SH:  0    Dex: 12    Spells: 2/2 levels left

rFire    . . .     SeeInvis +   b - +0 dagger
rCold    . . .     Gourm    +   (no shield)
rNeg     . . .     Faith    .   i - +0 ring mail
rPois    +         Spirit   .   (no helmet)
rElec    .         Reflect  .   (no cloak)
rCorr    .         Harm     .   (no gloves)
MR       .....                  (no barding)
Stlth    ++........             h - amulet of the gourmand
HPRegen  0.11/turn              (no ring)
MPRegen  0.08/turn              (no ring)

@: mighty, very slow
A: large, see invisible, deformed body, poison resistance, slowness 2, slow
metabolism 1, spit poison 1, AC +1
a: Spit Poison


You were on level 2 of the Dungeon.
You were not hungry.

You visited 1 branch of the dungeon, and saw 2 of its levels.

You collected 38 gold pieces.

Inventory:

Hand Weapons
 a - a +1 shortbow
 b - a +0 dagger (weapon)
 e - a +0 short sword
Missiles
 d - 59 arrows
 j - 25 bolts
Armour
 i - a +0 ring mail (worn)
Jewellery
 h - an amulet of the gourmand (around neck)
 m - a cursed ring of magical power
Scrolls
 l - a scroll of identify
 n - a scroll of remove curse {unknown}
 o - a scroll of teleportation {unknown}
Potions
 k - 2 potions of curing
Comestibles
 f - 4 rations


   Skills:
 + Level 2.4 Fighting
 * Level 1.1 Short Blades
 - Level 3.6 Bows
 + Level 1.9 Dodging
 + Level 3.1 Stealth


You had 2 spell levels left.
You didn't know any spells.

Dungeon Overview and Level Annotations

Branches:
Dungeon (2/15)

Altars:


Innate Abilities, Weirdness & Mutations

You cannot wear boots.
Your serpentine skin is tough. (AC +1)
You have supernaturally acute eyesight. (SInv)
Armour fits poorly on your strangely shaped body.
Your system is resistant to poisons. (rPois)
You cover ground very slowly.
You have a slow metabolism.
You can spit poison.


Message History

The jackal bites you but does no damage.
You struggle against the net.
The jackal completely misses you. The jackal barely misses you.
You struggle against the net.
The gnoll hits you with a club!
* * * LOW HITPOINT WARNING * * *
The jackal bites you.
* * * LOW HITPOINT WARNING * * *
As you read the scroll labeled FUIMIROJAN, it crumbles to dust.
It is a scroll of identify.
m - a cursed ring of magical power The jackal bites you but does no damage.
The gnoll barely misses you. The jackal bites you.
* * * LOW HITPOINT WARNING * * *
You struggle against the net.
The jackal bites you but does no damage.
The gnoll barely misses you.
You rip the net and break free!
The jackal bites you.
* * * LOW HITPOINT WARNING * * *
The gnoll hits you with a club.
You die...

## . ############# .. ..
#...........# .# ...
#.....#####.####.# ....
#...>..........#.# .....
#.....#####.##.#.#
.....g#h.......##......#
....Kgg@.......######..#
.....g##.......# #..#
.#### #.......# #..#
#.......######...
#................
#.......#######.#
#####...# #.. #...# ##.
#...# #.


You could see 4 gnolls, a jackal and a kobold.

Vanquished Creatures
  A dart slug (D:1)
  5 goblins
  5 hobgoblins
  3 jackals (D:2)
  4 kobolds
  6 bats
  A rat (D:1)
25 creatures vanquished.

Notes
Turn   | Place    | Note
-------+----------+-------------------------------------------
     0 | D:1      | Hekarica the Naga Hunter began the quest for the Orb.
     0 | D:1      | Reached XP level 1. HP: 19/19 MP: 1/1
   107 | D:1      | Reached XP level 2. HP: 22/26 MP: 2/2
   881 | D:2      | Reached skill level 1 in Short Blades
   881 | D:2      | Reached XP level 3. HP: 32/32 MP: 3/3
   988 | D:2      | Slain by a gnoll

Skill      XL: |  1  2 |
---------------+-------+-----
Stealth        | 2 3 |  3.1
Short Blades   | 1 |  1.1
Fighting       | |  2.4
Bows           | |  3.6
Dodging        | |  1.9

Action                   || total
-------------------------++-------
Melee: Dagger            ||    52
 Fire: Shortbow          ||    45
  Use: Potion            ||     4
       Scroll            ||     1
 Stab: Sleeping          ||     1
Armor: Leather armour    ||     1
       Ring mail         ||    63
Dodge: Dodged            ||    74
